 Dungeon Sprint DCSS version bcrawl-1.27.1d (webtiles) character file.

Game seed: 765674548625207375

9400000 Freyura the Conqueror (level 27, 0/249 HPs)
             Began as a Formicid Fighter on July 26, 2020.
             Was the Champion of Makhleb.
             Slain by a destroyer
             ... wielding a +9 great sword of slicing
              (10 damage)
             ... in the Dungeon (Sprint VIII: "Arena of Blood").
             The game lasted 00:04:46 (94 turns).

Freyura the Conqueror (Formicid Fighter)              Turns: 94, Time: 00:04:47

Health: 0/249      AC: 13    Str: 22    XL:     27
Magic:  22/54      EV: 31    Int: 11    God:    Makhleb [******]
Gold:   0          SH: 19    Dex: 19    Spells: 80/80 levels left

rFire    . . .     SeeInvis +   l - +∞ Axe of Woe
rCold    . . .     Gourm    .   c - +0 medium shield
rNeg     . . .     Faith    .   b - +0 scale mail
rPois    .         Spirit   .   (helmet unavailable)
rElec    .         Reflect  .   (no cloak)
rCorr    .         Harm     .   (no gloves)
MR       ++...                  (no boots)
Stlth    ++++++++..             (no amulet)
HPRegen  0.51/turn              m - +30 ring of slaying
MPRegen  0.34/turn              n - +30 ring of slaying

@: no status effects
A: permanent stasis, dig shafts and tunnels, four strong arms, antennae 3
a: Dig, Minor Destruction, Lesser Servant of Makhleb, Major Destruction, Greater
Servant of Makhleb, Renounce Religion


You were in the Dungeon.
You worshipped Makhleb.
Makhleb was exalted by your worship.
You were not hungry.

You visited 1 branch

Inventory:

Hand Weapons
 a - a +0 war axe
 l - the +∞ Axe of Woe (weapon)
   (You found it in the Dungeon)
Armour
 b - a +0 scale mail (worn)
 c - a +0 medium shield (worn)
Jewellery
 m - a +30 ring of slaying (left hand)
 n - a +30 ring of slaying (right hand)
Scrolls
 k - a scroll of blinking
Potions
 d - a potion of might
 f - a potion of curing
 g - a potion of heal wounds
 h - a potion of haste
 i - 2 potions of magic
 j - a potion of berserk rage
Comestibles
 e - a ration {!d}


   Skills:
 O Level 27 Fighting
 O Level 27 Axes
 O Level 27 Throwing
 O Level 27 Armour
 O Level 27 Dodging
 O Level 27 Stealth
 O Level 27 Shields
 O Level 27 Unarmed Combat
 O Level 27 Spellcasting
 O Level 27 Invocations


You had 80 spell levels left.
You didn't know any spells.
Your spell library was empty.

Dungeon Overview and Level Annotations

Branches:
Dungeon (1/1)

Altars:
Makhleb


Innate Abilities, Weirdness & Mutations

You cannot be hasted, slowed, berserked, paralysed or teleported.
You can dig through walls and to a lower floor.
Your four strong arms can wield two-handed weapons with a shield.
You have a pair of large antennae on your head. (SInv)


Message History

You destroy the tyrant!
Makhleb accepts your kill.
You slice the bag of meat!! You chop the bag of meat into pieces.
You kill the bag of meat!
Makhleb accepts your kill. notify_dgn_event: Lua error: [string "global_prelude"]:208: Unknown spell name: 'hurl damnation' in 'symbol_of_torment.34.natural;hurl_damnation.33.natural;call_down_damnation.33. natural' You are engulfed in blazing flames.
The accursed casts a spell at you. Something smites you!
* * * LOW HITPOINT WARNING * * *
You hear a shout!
The wretched soul breathes negative energy at you.
The bolt of negative energy misses you.
An eight-headed meat hydra comes into view. notify_dgn_event: Lua error: [string "global_prelude"]:208: Unknown spell name: 'hurl damnation' in 'symbol_of_torment.34.natural;hurl_damnation.33.natural;call_down_damnation.33. natural' The observer is engulfed in blazing flames.
You hear a shout!
The destroyer hits you with a +9 great sword of slicing!!!
* * * LOW HITPOINT WARNING * * *
You die...

o......#.....#
.%%....#_)<)_# .
#.....☼.#.))).#....
..#.%%○))))_)......
......§)))###§.....
....D###))).§V.###.
..G....#)).....#
...D.DW#)%.....#
.....oO@§G§......
.#....V)§§§..M...
#..%..V.§§§......
.#..%......o..§.#
#.....#........#
............o..#
.....##M#..§..oD
..... ..........


You could see 2 accurseds, 3 eight-headed meat hydras, 3 destroyers, 2
observers, a large bag of meat (inner flame), a wretched soul (invisible) and 4
bags of meat.

Vanquished Creatures
  A hell beast (D)
  A greater mummy (D)
  2 great orbs of eyes (D)
  17 vampire knights (D)
  26 ogres (D)
  7 two-headed ogres (D)
  4 liches (D)
  A hydra (D)
  69 orcs (D)
  3 phantoms (D)
  9 skeletal warriors (D)
  3 large abominations (D)
  6 small abominations (D)
  11 crawling corpses (D)
160 creatures vanquished.

Vanquished Creatures (others)
  5 crawling corpses (D)
5 creatures vanquished.

Grand Total: 165 creatures vanquished

Notes
Turn   | Place    | Note
-------+----------+-------------------------------------------
     0 | D        | Found the +∞ Axe of Woe
     0 | D        | Freyura the Formicid Fighter began the quest for the Orb.
     0 | D        | Reached XP level 1. HP: 18/18 MP: 1/1
     1 | D        | Noticed a bag of meat
     2 | D        | Noticed a bag of meat
     3 | D        | Became a worshipper of Makhleb the Destroyer
     4 | D        | Noticed a bag of meat
     4 | D        | Noticed a bag of meat
     5 | D        | Noticed a bag of meat
     5 | D        | Noticed a bag of meat
     7 | D        | Noticed a bag of meat
     8 | D        | Noticed a meat berserker
     8 | D        | Noticed a bag of meat
     8 | D        | Noticed a meat berserker
    10 | D        | Noticed a meat berserker
    10 | D        | Killed a bag of meat
    10 | D        | Reached XP level 2. HP: 45/45 MP: 1/9
    10 | D        | Reached XP level 3. HP: 51/51 MP: 1/10
    10 | D        | Reached XP level 4. HP: 58/58 MP: 1/12
    10 | D        | Reached XP level 5. HP: 64/64 MP: 1/13
    10 | D        | Reached XP level 6. HP: 71/71 MP: 1/15
    10 | D        | Reached XP level 7. HP: 78/78 MP: 1/16
    10 | D        | Reached XP level 8. HP: 85/85 MP: 1/17
    10 | D        | Reached XP level 9. HP: 91/91 MP: 1/18
    10 | D        | Reached XP level 10. HP: 98/98 MP: 1/19
    10 | D        | Reached XP level 11. HP: 104/104 MP: 1/20
    10 | D        | Reached XP level 12. HP: 111/111 MP: 1/21
    10 | D        | Killed a bag of meat
    10 | D        | Reached * piety under Makhleb
    10 | D        | Reached XP level 13. HP: 122/122 MP: 1/23
    11 | D        | Killed a meat berserker
    11 | D        | Reached skill level 15 in Armour
    11 | D        | Reached XP level 14. HP: 110/138 MP: 1/26
    11 | D        | Reached XP level 15. HP: 115/144 MP: 1/27
    11 | D        | Killed a meat berserker
    11 | D        | Reached XP level 16. HP: 156/156 MP: 1/29
    11 | D        | Reached ** piety under Makhleb
    11 | D        | Reached skill level 15 in Dodging
    11 | D        | Noticed a meat berserker
    12 | D        | Killed a meat berserker
    12 | D        | Reached XP level 17. HP: 169/169 MP: 1/31
    12 | D        | Reached *** piety under Makhleb
    12 | D        | Reached XP level 18. HP: 181/181 MP: 1/32
    12 | D        | Reached skill level 27 in Fighting
    14 | D        | Reached **** piety under Makhleb
    14 | D        | Reached skill level 27 in Axes
    16 | D        | Killed a meat berserker
    16 | D        | Reached XP level 19. HP: 189/189 MP: 2/35
    16 | D        | Noticed a meat berserker
    18 | D        | Noticed a meat berserker
    19 | D        | Noticed a destroyer
    19 | D        | Noticed a meat berserker
    20 | D        | Reached skill level 27 in Shields
    20 | D        | Reached skill level 27 in Invocations
    20 | D        | Reached XP level 20. HP: 197/197 MP: 3/37
    21 | D        | Killed a meat berserker
    21 | D        | Reached skill level 27 in Armour
    21 | D        | Noticed a large bag of meat
    24 | D        | Killed a meat berserker
    24 | D        | Reached ***** piety under Makhleb
    24 | D        | Reached skill level 27 in Dodging
    24 | D        | Reached XP level 21. HP: 204/204 MP: 4/38
    24 | D        | Noticed a large bag of meat
    25 | D        | Killed a meat berserker
    25 | D        | Killed a destroyer
    25 | D        | Reached XP level 22. HP: 212/212 MP: 4/43
    25 | D        | Noticed a destroyer
    27 | D        | Noticed a destroyer
    28 | D        | Noticed a meat berserker
    28 | D        | Noticed a meat berserker
    28 | D        | Noticed a large bag of meat
    29 | D        | Noticed a destroyer
    30 | D        | Killed a large bag of meat
    30 | D        | Reached skill level 27 in Stealth
    30 | D        | Reached XP level 23. HP: 219/219 MP: 5/49
    30 | D        | Reached ****** piety under Makhleb
    30 | D        | Noticed a destroyer
    30 | D        | Noticed a destroyer
    32 | D        | Killed a large bag of meat
    32 | D        | Killed a destroyer
    32 | D        | Reached skill level 27 in Throwing
    32 | D        | Reached skill level 27 in Unarmed Combat
    32 | D        | Reached skill level 27 in Spellcasting
    32 | D        | Reached XP level 24. HP: 227/227 MP: 6/54
    33 | D        | Killed a destroyer
    34 | D        | Reached XP level 25. HP: 234/234 MP: 7/54
    35 | D        | Killed a destroyer
    36 | D        | Reached XP level 26. HP: 242/242 MP: 7/54
    36 | D        | Killed a large bag of meat
    36 | D        | Killed a destroyer
    37 | D        | Killed a destroyer
    37 | D        | Reached XP level 27. HP: 249/249 MP: 7/54
    37 | D        | Noticed a destroyer
    37 | D        | Noticed a large bag of meat
    41 | D        | Noticed a destroyer
    42 | D        | Noticed a destroyer
    42 | D        | Noticed a destroyer
    44 | D        | Killed a destroyer
    46 | D        | Killed a destroyer
    46 | D        | Killed a large bag of meat
    48 | D        | Noticed a destroyer
    49 | D        | Noticed a destroyer
    50 | D        | Killed a destroyer
    51 | D        | Killed a destroyer
    52 | D        | Noticed a large bag of meat
    53 | D        | Killed a destroyer
    53 | D        | Killed a destroyer
    58 | D        | Noticed a tyrant
    59 | D        | Noticed an accursed
    60 | D        | Killed a large bag of meat
    63 | D        | Noticed a destroyer
    64 | D        | Noticed a destroyer
    65 | D        | Killed a destroyer
    68 | D        | Killed a tyrant
    69 | D        | Noticed a tyrant
    71 | D        | Noticed a tyrant
    72 | D        | Killed an accursed
    74 | D        | Noticed a destroyer
    76 | D        | Killed a tyrant
    77 | D        | Noticed a tyrant
    78 | D        | Killed a destroyer
    79 | D        | Noticed a meat beast
    79 | D        | Noticed a destroyer
    79 | D        | Noticed a large bag of meat
    79 | D        | Noticed a large bag of meat
    81 | D        | Noticed a large bag of meat
    84 | D        | Killed a destroyer
    84 | D        | Killed a meat beast
    85 | D        | Killed a destroyer
    85 | D        | Noticed a destroyer
    87 | D        | Killed a tyrant
    87 | D        | Noticed a destroyer
    88 | D        | Noticed a destroyer
    88 | D        | Noticed an accursed
    89 | D        | Killed a large bag of meat
    91 | D        | Killed a destroyer
    91 | D        | Killed a large bag of meat
    91 | D        | Noticed a destroyer
    92 | D        | Noticed an accursed
    93 | D        | Killed a tyrant
    94 | D        | HP: 10/249 [destroyer/+9 great sword of slicing (57)]
    94 | D        | Slain by a destroyer

Skill      XL: |  1  2  3  4  5  6  7  8  9 10 11 12 13 14 15 16 17 18 19 20 21 22 23 |
---------------+----------------------------------------------------------------------+-----
Fighting       | 16 18 21 22 25 26 27 | 27.0
Axes           | 14 16 19 21 23 25 27 | 27.0
Armour         | 11 13 15 17 19 20 24 26 27 | 27.0
Dodging        | 9 11 13 14 16 17 20 22 27 | 27.0
Shields        | 12 14 16 18 20 21 25 27 | 27.0
Invocations    | 12 14 16 18 20 21 25 27 | 27.0
Throwing       | 9 17 22 27 | 27.0
Stealth        | 12 21 27 | 27.0
Unarmed Combat | 9 17 22 27 | 27.0
Spellcasting   | 9 17 22 27 | 27.0

Action                   |  1- 3 |  4- 6 |  7- 9 | 10-12 | 13-15 | 16-18 | 19-21 | 22-24 | 25-27 || total
-------------------------+-------+-------+-------+-------+-------+-------+-------+-------+-------++-------
Melee: Executioner's axe |     1 |       |       |       |     1 |     3 |     5 |     6 |    54 ||    70
Armor: Scale mail        |       |       |       |       |       |       |       |     1 |       ||     1
Dodge: Dodged            |       |       |       |       |     2 |       |       |       |     6 ||     8
Block: Medium shield     |       |       |       |       |       |       |       |       |     1 ||     1
